 Dungeon Crawl Stone Soup version 0.27.1-4-g1640c2035a (webtiles) character file.

Game seed: 9879954791315500737

420 raph the Stinger (level 6, -4/32 HPs)
             Began as a Deep Elf Venom Mage on Nov 17, 2021.
             Was an Initiate of Gozag.
             Slain by an iguana (12 damage)
             ... on level 4 of the Dungeon.
             The game lasted 00:11:27 (5807 turns).

raph the Stinger (Deep Elf Venom Mage)              Turns: 5807, Time: 00:11:28

Health: -4/32      AC:  4    Str:  5    XL:     6   Next: 62%
Magic:  0/12       EV: 12    Int: 22    God:    Gozag
Gold:   201        SH:  4    Dex: 15    Spells: 1/11 levels left

rFire    . . .     SeeInvis .   e - +1 dagger (vamp)
rCold    . . .     Faith    .   o - +0 buckler
rNeg     . . .     Spirit   .   a - +0 robe
rPois    .         Reflect  .   f - +0 helmet
rElec    .         Harm     .   (no cloak)
rCorr    +         Rampage  .   j - +0 pair of gloves
Will     .....                  (no boots)
Stlth    ++........             (no amulet)
HPRegen  0.10/turn              g - ring of resist corrosion
MPRegen  0.13/turn              (no ring)

@: gold aura
A: no striking features
a: Renounce Religion, Potion Petition, Call Merchant, Bribe Branch


You were on level 4 of the Dungeon.
You worshipped Gozag.
Gozag was aware of your devotion.
You visited 1 branch of the dungeon, and saw 4 of its levels.

You collected 254 gold pieces.
You paid 53 gold pieces to Gozag.

Inventory:

Hand Weapons
 e - a +1 vampiric dagger (weapon)
Missiles
 c - 4 curare-tipped darts
Armour
 a - a +0 robe (worn)
 f - a +0 helmet (worn)
 j - a +0 pair of gloves (worn)
 o - a +0 buckler (worn)
Jewellery
 g - a ring of resist corrosion (left hand)
Scrolls
 d - a scroll of vulnerability
 n - a scroll of brand weapon
 p - a scroll of fear
Potions
 b - a potion of berserk rage
 h - 3 potions of curing
 i - a potion of attraction {unknown}
 k - 2 potions of ambrosia
 l - a potion of brilliance
 m - 2 potions of mutation


   Skills:
 - Level 2.4 Dodging
 - Level 2.4 Stealth
 * Level 0.4 Shields
 - Level 3.0 Spellcasting
 + Level 4.4 Conjurations
 - Level 1.1 Transmutations
 + Level 6.7 Poison Magic


You had one spell level left.
You knew the following spells:

 Your Spells              Type           Power      Damage    Failure   Level
a - Sting                 Tmut/Pois      80%        1d7       4%          1
b - Poisonous Vapours     Pois/Air       36%        N/A       8%          2
c - Mephitic Cloud        Conj/Pois/Air  19%        N/A       13%         3
d - Olgreb's Toxic Radia  Pois           32%        N/A       12%         4

Your spell library contained the following spells:

 Spells                   Type           Power      Damage    Failure   Level
 Inner Flame              Hex/Fire       3%         N/A       50%         3
 Cause Fear               Hex            1%         N/A       88%         4
 Discord                  Hex            1%         N/A       100%        8


Dungeon Overview and Level Annotations

Branches:
Dungeon (4/15)             Temple (0/1) D:4

Altars:
Gozag

Shops:
D:1 :

Annotations:
D:3 2 runed translucent doors, raph's ghost, amateur DEEE


Message History

The gnoll is killed!
You feel sick.
The gnoll is engulfed in noxious fumes.
The gnoll appears confused.
You kill the gnoll!
You feel sick.
You are no longer poisoned.
An iguana comes into view.
The gnoll shouts, "What's happening?!"
The iguana hisses angrily.
Aiming: Sting (safe; 4% risk of failure)
Press: ? - help, Q - select action, (/) - cycle Shift-Dir - straight line, f - iguana
Aim: an iguana (79% to hit)
The sting hits the iguana.
The iguana is poisoned.
The iguana is lightly wounded.
You kill the gnoll!
Your magical contamination has completely faded away.
You closely miss the iguana.
The iguana is lightly wounded.
You block the iguana's attack.
You closely miss the iguana.
The iguana is moderately wounded.
The iguana bites you.
You hit the iguana but do no damage.
The iguana is moderately wounded.
A goblin comes into view. It is wielding a +0 dagger.
You block the iguana's attack.
Aiming: Sting (safe; 4% risk of failure)
Press: ? - help, Q - select action, (/) - cycle Shift-Dir - straight line, f/p - iguana
Aim: an iguana (moderately wounded, poisoned, 79% to hit)
The sting misses the iguana.
The goblin shouts!
The iguana bites you!
* * * LOW HITPOINT WARNING * * *
Aiming: Sting (safe; 4% risk of failure)
Press: ? - help, Q - select action, (/) - cycle Shift-Dir - straight line, f/p - iguana
Aim: an iguana (heavily wounded, poisoned, 79% to hit)
The sting misses the iguana.
The iguana looks more healthy.
The iguana bites you!
You die...
Your body crumbles into a pile of gold.

####### #.....#
#.....##### #..........
#........<. #.....#####
###...<.# #......^#
#######$.## #.#######
#..@l.$.g.. #.#
#.######.## #.# #.###
#.# #...# #.#
########.#.###### #.#
#...............#####.#
#.#
#.##.##.#..##.#.......#
#.#
#.......#.....#.#######
#.# #.##.#....##....###


You could see an iguana and a goblin.

Vanquished Creatures
  A black bear (D:3)
  An ogre (D:2)
  A scorpion (D:2)
  Robin (D:3)
  4 adders (D:2)
  3 gnolls (D:4)
  A worm (D:2)
  A dart slug (D:3)
  2 orcs (D:3)
  9 ball pythons
  7 bats
  12 endoplasms
  3 giant cockroaches (D:3)
  15 goblins
  9 hobgoblins
  11 jackals (D:1)
  A quokka (D:1)
  3 frilled lizards
  4 kobolds (D:1)
  6 rats
95 creatures vanquished.

Notes
Turn   | Place    | Note
-------+----------+-------------------------------------------
     0 | D:1      | raph the Deep Elf Venom Mage began the quest for the Orb.
     0 | D:1      | Reached XP level 1. HP: 10/10 MP: 6/6
   664 | D:1      | Reached XP level 2. HP: 2/15 MP: 2/8
   931 | D:1      | Reached skill level 4 in Poison Magic
  1106 | D:1      | Learned a level 2 spell: Poisonous Vapours
  1120 | D:1      | Found a faded altar of an unknown god.
  1229 | D:1      | Found Eticzaych's Book Shoppe.
  1700 | D:1      | Reached XP level 3. HP: 19/19 MP: 6/9
  1704 | D:1      | Learned a level 3 spell: Mephitic Cloud
  2166 | D:2      | Found an opulent altar of Gozag.
  2248 | D:2      | Noticed a scorpion
  2253 | D:2      | Killed a scorpion
  2254 | D:2      | Reached skill level 5 in Poison Magic
  2254 | D:2      | Reached XP level 4. HP: 24/24 MP: 4/10
  3067 | D:2      | Reached XP level 5. HP: 28/28 MP: 6/11
  3372 | D:2      | Learned a level 4 spell: Olgreb's Toxic Radiance
  3604 | D:2      | Noticed an ogre
  3622 | D:2      | Killed an ogre
  3623 | D:2      | Reached skill level 6 in Poison Magic
  4238 | D:3      | Noticed Robin
  4361 | D:3      | Noticed a black bear
  4381 | D:3      | Killed a black bear
  4382 | D:3      | Reached XP level 6. HP: 23/32 MP: 9/12
  4703 | D:3      | Killed Robin
  4878 | D:3      | Found a large runed translucent door.
  4878 | D:3      | Found a large runed translucent door.
  4879 | D:3      | Noticed raph's ghost (amateur DEEE)
  5517 | D:2      | Became a worshipper of Gozag Ym Sagoz the Greedy
  5661 | D:4      | Found an opulent altar of Gozag.
  5695 | D:4      | Found a staircase to the Ecumenical Temple.
  5807 | D:4      | Slain by an iguana

Illustrated notes

Levels and vault maps discovered:
D:1:      sevenhm_arrival_forest_fort_small_6, layout_loops_ring, serial_shops,
          nicolae_shop_behind_doors, basic_ecumenical_altar
D:2:      layout_basic, basic_altar, st_stairs_1, kennysheep_generic_room_5
D:3:      layout_rooms, ebering_ghost_disaster_area, roderic_roman_lattice,
          chequers_serial_rivers_large_b, kennysheep_crisscross, uniq_robin
D:4:      layout_loops_ring, grunt_qazlal_sundering, lemuel_round_altar,
          grunt_gozag_breadcrumbs, minmay_temple_entry_ruins,
          kennysheep_generic_room_13, uniq_crazy_yiuf_cottage,
          uniq_blork_the_orc

Skill      XL: |  1  2  3  4  5 |
---------------+----------------+-----
Poison Magic   | 4 5 6 |  6.7
Conjurations   | 2 4 |  4.4
Dodging        | |  2.4
Stealth        | |  2.4
Shields        | |  0.4
Spellcasting   | |  3.0
Transmutations | |  1.1

Action                   |  1- 3 |  4- 6 || total
-------------------------+-------+-------++-------
Melee: Dagger            |     6 |    24 ||    30
       Unarmed           |     3 |       ||     3
 Cast: Sting             |    48 |    48 ||    96
       Poisonous Vapours |     9 |    58 ||    67
       Olgreb's Toxic Ra |       |     6 ||     6
       Mephitic Cloud    |       |     1 ||     1
  Use: Scroll            |       |     9 ||     9
 Stab: Sleeping          |     1 |     2 ||     3
       Distracted        |     1 |       ||     1
Armor: Robe              |     8 |    17 ||    25
Dodge: Dodged            |    27 |    28 ||    55
Block: Buckler           |       |     2 ||     2
